 Dungeon Crawl Stone Soup version 0.31.0-4-g52a2dc7128 (webtiles) character file.

Game seed: 2952111515690896206

11132 raph the Grappler (level 11, -8/92 HPs)
             Began as a Green Draconian Shapeshifter on Jan 22, 2024.
             Was an Elder of Okawaru.
             Killed by divine providence
             ... invoked by an orc priest
              (14 damage)
             ... on level 11 of the Dungeon.
             The game lasted 00:18:44 (11353 turns).

raph the Grappler (Green Draconian Shapeshifter)   Turns: 11353, Time: 00:18:45

Health: -8/92      AC: 15    Str: 21    XL:     11   Next: 45%
Magic:  15/17      EV: 18    Int: 11    God:    Okawaru [****..]
Gold:   158        SH:  0    Dex: 12    Spells: 12/18 levels left

rFire   . .          .
                       - Unarmed
rCold   . . .        (shield currently unavailable)
rNeg    . . .        (body armour unavailable)
rPois   +            I - +0 hat
rElec   +            F - +0 cloak of the Wasteland {rElec rCorr Dex-3 SInv}
rCorr   +            p - +0 pair of gloves
SInv    +            o - +1 pair of boots
Will    .....        t - amulet of regeneration
Stlth   +            w - ring "Wowuirchida" {rElec rPois Str+5 SInv}
HPRegen 1.15/turn    K - +4 ring of protection
MPRegen 0.15/turn

%: no passive effects
@: flux-form, on berserk cooldown, slowed, glowing, very slow
A: glow, contaminating, breathe noxious fumes, AC +7, unfitting armour, poison
resistance, cold-blooded
a: Breathe Noxious Fumes, Begin Untransformation, Renounce Religion, Heroism,
Finesse


You were on level 11 of the Dungeon.
You worshipped Okawaru.
Okawaru was greatly pleased with you.
You were something dangerously unstable.
You visited 1 branch of the dungeon, and saw 11 of its levels.
You also visited: Sewer and Bailey.

You collected 604 gold pieces.
You spent 446 gold pieces at shops.

Inventory:

Missiles
 g - 33 poisoned darts (quivered)
 h - 24 boomerangs
 u - 6 curare-tipped darts
Armour
 o - a +1 pair of boots (worn)
 p - a +0 pair of gloves (worn)
 F - the +0 cloak of the Wasteland (worn) {rElec rCorr Dex-3 SInv}
   (You acquired it on level 6 of the Dungeon)

   Dex-3:     It affects your dexterity (-3).
   rElec:     It insulates you from electricity.
   SInv:      It lets you see invisible.
   rCorr:     It protects you from acid and corrosion.
 I - a +0 hat (worn)
Jewellery
 j - a ring of willpower
 q - a ring of ice
 t - an amulet of regeneration (around neck)
 w - the ring "Wowuirchida" (left hand) {rElec rPois Str+5 SInv}
   (You acquired it on level 7 of the Dungeon)

   [ring of see invisible]

   Str+5:     It affects your strength (+5).
   rElec:     It insulates you from electricity.
   rPois:     It protects you from poison SInv: It lets you see invisible.
 y - an amulet of faith
 K - a +4 ring of protection (right hand)
Talismans
 b - a beast talisman
 c - a flux talisman (active)
Wands
 E - a wand of roots (11)
 G - a wand of flame (37)
 O - a wand of digging (3)
Scrolls
 f - 6 scrolls of teleportation
 i - 2 scrolls of fog
 B - 2 scrolls of enchant weapon
 H - a scroll of poison
 J - a scroll of amnesia
 L - a scroll of butterflies
 M - 2 scrolls of revelation
 N - a scroll of immolation
Potions
 a - 2 potions of lignification
 d - 5 potions of curing
 e - 3 potions of attraction
 k - 3 potions of brilliance {unknown}
 l - 2 potions of berserk rage
 m - 3 potions of mutation
 n - 3 potions of haste
 r - 2 potions of invisibility
 s - 6 potions of might {unknown}
 v - 2 potions of magic
 x - a potion of resistance {unknown}
 z - a potion of experience {unknown}
 A - a potion of heal wounds
 C - 2 potions of cancellation {unknown}
 D - 2 potions of enlightenment {unknown}


   Skills:
 + Level 7.1 Fighting
 + Level 6.0 Dodging
 * Level 9.6 Unarmed Combat
 + Level 4.3 Spellcasting
 + Level 2.6 Conjurations
 + Level 5.5 Alchemy
 + Level 6.0 Invocations
 * Level 8.9 Shapeshifting


You had 12 spell levels left.
You knew the following spells:

 Your Spells              Type           Power      Damage    Failure   Level
a - Sting                 Conj/Alch      44%        1d5       4%          1
b - Mercury Vapours       Alch/Air       16%        N/A       11%         2
c - Mephitic Cloud        Conj/Alch/Air  8%         N/A       22%         3

Your spell library contained the following spells:

 Spells                   Type           Power      Damage    Failure   Level
 Magic Dart               Conj           32%        1d4       8%          1
 Searing Ray              Conj           16%        2d5       12%         2
 Lesser Beckoning         Tloc           4%         N/A       34%         2
 Sublimation of Blood     Necr           2%         N/A       34%         2
 Fulminant Prism          Conj/Alch      5%         3d7       38%         4
 Gell's Gravitas          Tloc           2%         N/A       56%         3
 Sigil of Binding         Hex            2%         N/A       56%         3
 Teleport Other           Tloc           2%         N/A       56%         3
 Dimensional Bullseye     Hex/Tloc       1%         N/A       93%         4
 Eringya's Noxious Bog    Alch           7%         4d6       98%         6
 Freezing Cloud           Conj/Ice/Air   2%         6-21      99%         5
 Call Imp                 Summ           Unusable   N/A       N/A         2
 Call Canine Familiar     Summ           Unusable   N/A       N/A         3
 Summon Hydra             Summ           Unusable   N/A       N/A         7
 Infestation              Necr           Unusable   N/A       N/A         8

Dungeon Overview and Level Annotations

Branches:
Dungeon (11/15)            Temple (0/1) D:6           Sewer (visited)
 Bailey (visited)
   Lair: D:8-11         Orc: D:9-12

Altars:
Cheibriados
Dithmenos
Okawaru
Sif Muna

Shops:
D:4 [(!   D:7 *   D:10 ?


Innate Abilities, Weirdness & Mutations

You are something dangerously unstable.
You glow with magical radiation, making you easy to see and hit.
Foes you strike become dangerously contaminated with magical radiation.
You are incapable of wielding weapons or throwing items.
You can breathe blasts of noxious fumes.
Your lurid green scales are hard. (AC +7)
You cannot fit into any form of body armour.
Your system is resistant to poisons. (rPois)
You are cold-blooded and may be slowed by cold attacks.


Message History

You tail-slap the skeletal warrior, but do no damage.
The skeletal warrior is moderately damaged.
The skeletal warrior misses you.
The skeletal warrior hits you with a +0 trident!
* * * LOW HITPOINT WARNING * * *
As you read the scroll of teleportation, it crumbles to dust.
You feel strangely unstable.
The skeletal warrior closely misses you. x2
Your surroundings suddenly seem different.
An orc priest comes into view. It is wielding a +0 hand axe.
Found a chain mail and a sling.
The orc priest shouts!
You hear a shout!
The orc priest calls down the wrath of Beogh upon you.
Beogh smites you!
* * * LOW HITPOINT WARNING * * *
An orc wizard comes into view. It is wielding a +2 dagger of venom.
The orc priest begins to cast a cantrip, but forgets the words!
The orc priest mumbles some strange prayers to Beogh against you.
Beogh smites you!
* * * LOW HITPOINT WARNING * * *
You feel much better.
An orc comes into view. It is wielding a +2 vampiric hand axe.
Aiming: Dig
Press: ? - help, Shift-Dir - straight line The rock shatters into small pieces.
The orc shouts!
You hear a shout! x2
The orc priest miscasts a cantrip.
The skeletal warrior hits you from afar with a +0 trident.
The skeletal warrior barely misses you.
The skeletal warrior hits you but does no damage.
The skeletal warrior hits you from afar with a +0 trident.
The skeletal warrior hits you with a +0 dire flail!!
* * * LOW HITPOINT WARNING * * *
The orc priest mumbles some strange prayers to Beogh against you.
Beogh smites you!
* * * LOW HITPOINT WARNING * * *
The skeletal warrior completely misses you.
The orc priest invokes the aid of Beogh against you.
Beogh smites you!
You die...

#.>......#.#..#.#....... ###
#.........<...zz........ #<#
#....#.#.#.##.#.#!...# #.#
#....#.#.#....#......# #.#
#....#.#....#####....... #.#
#....#.#................ #.#
#####.#.#.#.#....#..##... #.#
#.....#.####z##.....##... #.#
#........pz..oo..[........
#.###....##.######.###.......o
#...........# #.........# ...
#####........# #.........##...
#........# #..............
#####....# #.............#
....# ######........# ....#
#......... .. #........^


You could see 2 skeletal warriors, an orc priest and an orc.

Vanquished Creatures
  Gastronok (D:8)
  2 vault guards (Bailey)
  A two-headed ogre (D:10)
  A skeletal warrior (D:11)
  Psyche (D:8)
  Grinder (Sewer)
  Prince Ribbit (Bailey)
  A wraith (D:9)
  5 yaks (D:10)
  A wyvern (D:8)
  4 humans (Bailey)
  A steam dragon (D:7)
  4 water moccasins
  An orc warrior (D:8)
  3 black bears (D:6)
  4 sky beasts
  4 ogres
  5 centaurs
  4 kobold brigands
  A gnoll sergeant (D:9)
  9 bullfrogs
  4 scorpions
  8 wights
  9 killer bees
  5 howler monkeys
  3 bombardier beetles
  2 quasits (Sewer)
  2 gnoll boudas
  4 hounds
  A jelly (D:5)
  Crazy Yiuf (D:7)
  4 orc priests
  5 iguanas
  2 sleepcaps
  9 orc wizards
  18 gnolls
  A river rat (D:5)
  10 adders
  5 shadow imps
  A white imp (D:7)
  5 ufetubi
  5 dart slugs
  3 ribbon worms
  36 orcs
  6 ball pythons
  10 endoplasms
  6 giant cockroaches
  15 goblins
  6 hobgoblins
  28 kobolds
  6 quokkas
  8 bats
  2 frilled lizards (D:3)
  2 kobold zombies (Sewer)
  5 rats
292 creatures vanquished.

Vanquished Creatures (collateral kills)
  A kobold (D:9)
1 creature vanquished.

Vanquished Creatures (others)
  An orc wizard (D:8)
  A gnoll (D:8)
  An adder zombie (Sewer)
  3 kobold zombies (Sewer)
6 creatures vanquished.

Grand Total: 299 creatures vanquished

Notes
Turn   | Place    | Note
-------+----------+-------------------------------------------
     0 | D:1      | raph the Draconian Shapeshifter began the quest for the
                  | Orb.
     0 | D:1      | Reached XP level 1. HP: 16/16 MP: 1/1
    72 | D:1      | Reached XP level 2. HP: 19/23 MP: 2/2
   318 | D:1      | Reached XP level 3. HP: 28/28 MP: 3/3
   714 | D:2      | Got the Quarto of Reagents and Blasphemous Words
   721 | D:2      | Learned a level 1 spell: Sting
  1150 | D:2      | Reached XP level 4. HP: 36/36 MP: 4/4
  1392 | D:2      | Found an iron altar of Okawaru.
  1399 | D:2      | Became a worshipper of Warmaster Okawaru
  1697 | D:3      | Reached skill level 4 in Unarmed Combat
  1751 | D:3      | Reached XP level 5. HP: 38/41 MP: 5/5
  2214 | D:4      | Found Isyfu's Antique Weapon Emporium.
  2223 | D:4      | Reached XP level 6. HP: 36/50 MP: 6/6
  2562 | D:4      | Found Ixtall's Distillery.
  2579 | D:4      | Bought a potion of invisibility for 104 gold pieces
  2579 | D:4      | Bought a potion of degeneration for 13 gold pieces
  2610 | D:4      | Reached * piety under Okawaru
  2914 | D:4      | Learned a level 2 spell: Mercury Vapours
  2927 | D:4      | Reached skill level 5 in Unarmed Combat
  2944 | D:4      | Reached skill level 5 in Shapeshifting
  3210 | D:4      | Found Seetz's Antique Armour Boutique.
  3367 | D:4      | Your scales start taking on a lurid green colour.
  3367 | D:4      | Reached XP level 7. HP: 54/57 MP: 7/7
  3367 | D:4      | Gained mutation: Your system is resistant to poisons.
                  | (rPois) [Green Draconian growth]
  3683 | D:5      | Entered Level 5 of the Dungeon
  3742 | D:5      | Reached skill level 1 in Invocations
  3886 | D:5      | Found a glowing drain.
  3907 | D:5      | Reached ** piety under Okawaru
  3921 | D:5      | You fall into a shaft and drop 2 floors!
  3937 | D:7      | Reached XP level 8. HP: 43/66 MP: 9/9
  3974 | D:6      | Reached skill level 6 in Unarmed Combat
  4062 | D:6      | Found a staircase to the Ecumenical Temple.
  4225 | Sewer    | Entered a sewer
  4316 | Sewer    | Found a burning altar of Makhleb.
  4399 | Sewer    | Noticed Grinder
  4409 | Sewer    | Paralysed by Grinder for 3 turns
  4429 | Sewer    | Killed Grinder
  4429 | Sewer    | Reached *** piety under Okawaru
  4430 | Sewer    | Reached skill level 1 in Spellcasting
  4430 | Sewer    | Reached skill level 1 in Alchemy
  5140 | D:5      | Reached XP level 9. HP: 71/73 MP: 11/11
  5232 | D:6      | Reached skill level 5 in Fighting
  5232 | D:6      | Reached skill level 7 in Unarmed Combat
  5511 | D:6      | Learned a level 3 spell: Mephitic Cloud
  5667 | D:6      | Identified 2 scrolls of acquirement
  5667 | D:6      | Acquired the +0 cloak of the Wasteland {rElec rCorr Dex-3
                  | SInv}
  6038 | D:7      | Found Nipreph's Gadget Gallery.
  6510 | D:7      | Reached **** piety under Okawaru
  6665 | D:7      | Found a runed translucent door.
  6666 | D:7      | Noticed Crazy Yiuf
  6674 | D:7      | Killed Crazy Yiuf
  6977 | D:8      | Noticed Psyche
  7000 | D:8      | Noticed Gastronok
  7153 | D:7      | Acquired the ring "Wowuirchida" {rElec rPois Str+5 SInv}
  7227 | D:8      | Reached skill level 5 in Dodging
  7227 | D:8      | Reached skill level 8 in Unarmed Combat
  7262 | D:8      | Reached XP level 10. HP: 77/83 MP: 6/14
  7470 | D:8      | Killed Gastronok
  7751 | D:8      | Reached ***** piety under Okawaru
  7879 | D:8      | Killed Psyche
  7880 | D:8      | Reached skill level 5 in Invocations
  8731 | D:9      | Found a shadowy altar of Dithmenos.
  8889 | D:9      | Found a flagged portal.
  8926 | D:9      | Reached skill level 1 in Conjurations
  8963 | Bailey   | Entered a bailey
  8995 | Bailey   | Reached skill level 9 in Unarmed Combat
  9106 | Bailey   | Noticed Prince Ribbit
  9106 | Bailey   | Noticed a vault guard
  9118 | Bailey   | Killed a vault guard
  9118 | Bailey   | Received a gift from Okawaru
  9119 | Bailey   | Reached XP level 11. HP: 91/91 MP: 6/16
  9121 | Bailey   | Killed Prince Ribbit
  9122 | Bailey   | Reached skill level 5 in Alchemy
  9191 | Bailey   | Noticed a vault guard
  9201 | Bailey   | Killed a vault guard
  9646 | D:9      | Identified the +8 trident of Gibbinuc {venom, rPois Str-5
                  | Int-3 Dex+9}
  9981 | D:10     | Entered Level 10 of the Dungeon
 10290 | D:10     | Found a shimmering blue altar of Sif Muna.
 10299 | D:10     | Found a snail-covered altar of Cheibriados.
 10357 | D:10     | Noticed a two-headed ogre
 10365 | D:10     | Killed a two-headed ogre
 11071 | D:10     | Found Biwkunaegy's Magic Scroll Shop.
 11074 | D:10     | Bought a scroll of teleportation for 45 gold pieces
 11074 | D:10     | Bought a scroll of revelation for 112 gold pieces
 11074 | D:10     | Bought a scroll of revelation for 112 gold pieces
 11074 | D:10     | Bought a scroll of immolation for 60 gold pieces
 11310 | D:11     | Noticed a skeletal warrior
 11320 | D:11     | Noticed a skeletal warrior
 11326 | D:11     | Noticed a skeletal warrior
 11328 | D:11     | Killed a skeletal warrior
 11344 | D:11     | HP: 1/92 [orc priest/divine providence (11)]
 11352 | D:11     | HP: 4/92 [orc priest/divine providence (12)]
 11353 | D:11     | Killed from afar by an orc priest

Illustrated notes

Levels and vault maps discovered:
D:1:      nagdon_arrival_zigzag_paths, layout_rooms
D:2:      layout_basic, basic_altar
D:3:      layout_basic
D:4:      layout_basic, serial_shops, nicolae_shop_industrial_runoff, shop, shop
D:5:      layout_loops_ring, portal_sewer_entry_a
D:6:      layout_gridville, minmay_temple_entry_junction_2,
          mrwooster_statue_mirror
D:7:      layout_loops_ring, serial_rivers, chequers_serial_rivers_room_a,
          chequers_serial_rivers_small_a, chequers_serial_rivers_small_b,
          chequers_serial_rivers_room_a, chequers_serial_rivers_micro_a,
          chequers_serial_rivers_micro_e, nicolae_sextant, nicolae_shop_gadgets,
          uniq_crazy_yiuf_cottage
D:8:      layout_layer_cave, reono_crystal_passage, uniq_gastronok, uniq_psyche
D:9:      layout_stronghold, mainiacjoe_overflow_small_starburst,
          enter_bailey_5, feat_on_display
D:10:     layout_layer_cave, mainiacjoe_overflow_large_starburst, serial_shops,
          nicolae_shop_rolled_up
D:11:     layout_basic, lair_entry_dummy, erik_orc_4, uniq_grum

Skill      XL: |  1  2  3  4  5  6  7  8  9 10 11 |
---------------+----------------------------------+-----
Dodging        | 2 3 4 5 6 |  6.0
Fighting       | 2 3 4 5 6 7 |  7.1
Shapeshifting  | 4 5 6 7 8 |  8.9
Unarmed Combat | 4 5 6 8 9 |  9.6
Invocations    | 2 3 4 5 6 |  6.0
Spellcasting   | 1 2 3 4 |  4.3
Alchemy        | 1 3 4 5 |  5.5
Conjurations   | 1 2 |  2.6

Action                     |  1- 3 |  4- 6 |  7- 9 | 10-12 || total
---------------------------+-------+-------+-------+-------++-------
  Melee: Unarmed           |    95 |   164 |   379 |   283 ||   921
         Tailslap          |    16 |    28 |    55 |    60 ||   159
         Punch             |     2 |     5 |    12 |       ||    19
  Throw: Dart              |     2 |       |       |       ||     2
   Cast: Sting             |       |       |     7 |       ||     7
         Mercury Vapours   |       |       |     2 |     1 ||     3
         Mephitic Cloud    |       |       |       |     4 ||     4
 Invoke: Heroism           |       |     1 |     7 |     6 ||    14
         Finesse           |       |       |       |     3 ||     3
Ability: Begin Untransform |       |     1 |     1 |       ||     2
         Breathe Noxious F |       |       |     9 |     9 ||    18
  Evoke: Wand              |       |       |       |     2 ||     2
    Use: Scroll            |       |     9 |     8 |     9 ||    26
         Potion            |       |       |     1 |     3 ||     4
   Stab: Sleeping          |     2 |     2 |       |       ||     4
         Confused          |       |       |     3 |    11 ||    14
 Armour: Skin              |    50 |    81 |   249 |   129 ||   509
  Dodge: Dodged            |    54 |    68 |   370 |   233 ||   725
   Form: Beast             |       |     1 |       |       ||     1
         Flux              |       |       |     1 |       ||     1
